Map: Emerald City LE

Players

Massa - Winner!

  • Race: Terran Terran
  • League: Platinum
  • Spawn Location: 5:00

qqq - Winner!

  • Race: Zerg Zerg
  • Spawn Location: 5:00

Akiyama

  • Race: Terran Terran
  • League: Platinum
  • Spawn Location: 11:00

Rais

  • Race: Protoss Protoss
  • Spawn Location: 11:00

VOD

Have the link to the VOD?

Description

Time

  • Played on: Oct. 13, 2020, 7:25 a.m.
  • Length: 15:12
Show
View Real Time Build Order
Export as new Build Order

Massa Terran - Winner!

Build Orders: Reaper Expand 

Get SALT Encoding   

  12  0:00  SCV  
  13  0:12  SCV  
  14  0:23  Supply Depot  
  14  0:25  SCV  
  15  0:45  SCV  
  15  0:46  Barracks  
  16  0:57  SCV  
  16  0:58  Refinery  
  17  1:09  SCV  
  18  1:15  Refinery  
  18  1:21  SCV  
  19  1:33  Orbital Command  
  19  1:41  Reaper  
  19  1:46  Command Center  
  20  1:59  SCV  
  21  2:11  Supply Depot  
  21  2:14  Marine  
  21  2:15  Factory  
  22  2:22  SCV  
  23  2:34  SCV  
  23  2:35  Barracks Reactor  
  24  2:43  Barracks  
  24  2:53  SCV  
  25  2:59  Orbital Command  
  25  3:04  Widow Mine  
  25  3:05  SCV  
  28  3:14  Supply Depot  
  28  3:17  SCV  
  28  3:19  Engineering Bay  
  29  3:20  Supply Depot  
  29  3:26  Widow Mine  
  31  3:27  Supply Depot  
  31  3:29  SCV  
  31  3:31  SCV  
  33  3:40  Starport  
  33  3:47  Factory Tech Lab  
  33  4:24  Medivac  
  34  4:28  SCV x2  
  36  4:33  Missile Turret  
  36  4:35  Missile Turret  
  36  4:37  Marine x2  
  39  4:38  Missile Turret  
  39  4:40  SCV x2  
  40  4:52  SCV  
  41  4:54  Viking  
  41  4:55  Marine x2, Supply Depot  
  41  4:56  SCV, Missile Turret  
  46  5:03  Barracks Tech Lab  
  46  5:04  SCV  
  47  5:08  SCV  
  47  5:13  Missile Turret  
  48  5:16  SCV, Terran Infantry Weapons Level 1, Missile Turret  
  48  5:18  Supply Depot  
  48  5:20  SCV, Armory, Siege Tank  
  53  5:22  Marauder, Marine x2  
  53  5:27  Stimpack  
  57  5:28  SCV  
  58  5:59  Cyclone  
  58  6:04  Refinery  
  61  6:06  Refinery  
  61  6:09  Command Center, Terran Vehicle Weapons Level 1  
  61  6:11  Starport Reactor  
  61  6:22  Marauder, Marine x2  
  65  6:31  Cyclone  
  68  6:40  Marine x2  
  68  6:43  Marauder  
  72  6:58  Marine x2  
  74  7:04  Marine  
  69  7:11  Missile Turret  
  69  7:16  Marine x2, Medivac  
  69  7:17  Medivac  
  69  7:20  Terran Infantry Armor Level 1  
  69  7:22  Marine  
  76  7:23  Engineering Bay  
  76  7:33  SCV x2, Missile Turret  
  78  7:45  SCV x2  
  78  7:46  Medivac  
  78  7:48  Missile Turret  
  82  7:57  SCV x2  
  82  7:58  Sensor Tower  
  84  8:00  Medivac  
  84  8:02  Missile Turret  
  84  8:03  Terran Vehicle And Ship Armor Level 1  
  86  8:08  Missile Turret  
  86  8:09  SCV  
  86  8:10  SCV  
  86  8:12  Orbital Command  
  88  8:13  Refinery  
  88  8:16  Medivac  
  90  8:21  SCV  
  90  8:22  SCV  
  90  8:23  Refinery, Marine x2  
  90  8:25  Missile Turret  
  94  8:29  Missile Turret  
  94  8:33  SCV  
  94  8:34  SCV  
  96  8:41  Marine x2  
  96  8:43  Sensor Tower  
  96  8:45  SCV  
  96  8:46  SCV  
  100  8:49  Missile Turret, Combat Shield  
  81  9:27  Marauder, Marine  
  81  9:28  Marine  
  81  9:30  Siege Tank  
  88  9:45  Marine  
  89  9:46  Marine  
  89  9:48  Marauder  
  92  10:02  Siege Tank  
  92  10:03  Marine x2  
  97  10:08  Concussive Shells  
  97  10:10  Marauder  
  89  10:21  Marine x2  
  83  10:31  Marauder  
  83  10:34  Siege Tank  
  88  10:36  Barracks, Terran Infantry Weapons Level 2  
  88  10:38  Barracks, Marine  
  88  10:39  Terran Infantry Armor Level 2, Barracks, Marine  
  88  10:41  Smart Servos  
  88  10:42  Barracks  
  90  10:45  SCV x3  
  93  10:53  Marauder  
  93  10:56  Marine  
  96  10:57  SCV x2, Marine  
  96  10:58  SCV  
  96  11:02  Command Center  
  100  11:11  Supply Depot  
  100  11:12  Supply Depot  
  100  11:13  Supply Depot  
  100  11:14  Marine  
  100  11:15  Supply Depot  
  100  11:16  Supply Depot  
  100  11:18  Supply Depot  
  101  11:32  Marine, Medivac x2  
  101  11:33  Marauder  
  101  11:34  Marine  
  101  11:39  Thor, Supply Depot  
  115  11:40  Supply Depot x2  
  115  11:42  Supply Depot  
  115  11:48  Factory  
  115  11:50  Marine  
  115  11:51  Factory  
  115  11:52  Marine  
  117  11:54  Marauder, Factory  
  117  11:58  Barracks Reactor x2, Barracks Tech Lab x2  
  119  12:01  Terran Vehicle And Ship Armor Level 2  
  119  12:02  Medivac x2  
  119  12:06  Armory  
  119  12:08  Marine  
  123  12:10  Marine  
  125  12:16  Marauder  
  125  12:22  Thor  
  133  12:26  Marine  
  133  12:28  Marine  
  135  12:35  SCV  
  135  12:36  SCV x2  
  140  12:37  Marauder  
  140  12:42  Medivac x2  
  144  12:47  SCV  
  144  12:48  SCV x2  
  144  12:49  Marauder x2, Marine  
  152  12:58  Marine  
  153  12:59  SCV  
  153  13:00  SCV x2  
  153  13:04  Thor  
  162  13:11  SCV  
  162  13:12  SCV x2, Medivac x2  
  169  13:23  SCV  
  169  13:24  SCV x2  
  172  13:35  Missile Turret  
  172  13:55  Missile Turret  
  157  14:14  Missile Turret  
  157  14:26  Marine  
  157  14:27  Marauder x2, Marine x5  
  157  14:28  Marauder  
  166  14:33  Missile Turret  
  163  14:44  Marine x2  
  163  14:45  Marine x2  
  167  14:48  Marauder  
  167  14:49  Marauder x2  
  173  14:55  Missile Turret  
Show
View Real Time Build Order
Export as new Build Order

qqq Zerg - Winner!

Build Orders: Hatch First, Lurkers 

Get SALT Encoding   

  12  0:01  Drone  
  13  0:11  Drone  
  14  0:35  Hatchery  
  13  0:43  Drone  
  14  0:59  Spawning Pool  
  13  1:12  Drone, Overlord  
  13  1:16  Extractor  
  13  1:30  Drone x2  
  15  1:49  Drone x2  
  17  1:55  Drone  
  17  1:57  Drone  
  17  1:59  Drone  
  20  2:18  Drone, Queen  
  20  2:20  Queen  
  25  2:36  Drone x2  
  27  2:42  Drone  
  27  2:43  Drone  
  28  2:44  Drone, Roach Warren  
  28  2:51  Overlord  
  28  2:58  Metabolic Boost  
  28  3:04  Overlord  
  28  3:09  Zergling x2  
  28  3:11  Zergling x4  
  31  3:13  Zergling x2  
  32  3:23  Roach  
  32  3:25  Lair  
  34  3:27  Drone  
  34  3:30  Roach  
  39  3:34  Roach  
  39  3:36  Drone  
  40  3:43  Drone x2  
  40  3:44  Drone  
  43  3:48  Overlord  
  43  3:56  Zergling x2, Overlord  
  44  4:08  Roach x4  
  52  4:18  Drone  
  52  4:22  Extractor, Drone  
  52  4:23  Drone x3  
  56  4:33  Drone  
  56  4:36  Extractor  
  56  4:37  Extractor  
  55  4:46  Drone  
  55  4:47  Drone x2  
  55  4:48  Overlord  
  55  4:49  Drone  
  55  4:50  Drone  
  60  5:01  Spire  
  60  5:03  Drone  
  60  5:06  Spore Crawler  
  59  5:08  Spore Crawler  
  59  5:09  Drone x3  
  59  5:10  Drone x2  
  59  5:11  Drone  
  59  5:12  Drone  
  65  5:20  Drone x3  
  68  5:29  Overlord  
  68  5:31  Overlord  
  68  5:32  Overlord  
  68  5:46  Spore Crawler  
  68  5:49  Spore Crawler  
  66  5:54  Drone  
  67  6:01  Hatchery  
  66  6:15  Corruptor x4  
  66  6:17  Hydralisk Den  
  73  6:19  Corruptor  
  73  6:23  Mutalisk  
  77  6:27  Mutalisk  
  77  6:30  Mutalisk  
  81  6:38  Zerg Flyer Armor Level 1  
  81  6:45  Drone, Overlord  
  81  6:46  Evolution Chamber  
  81  6:48  Corruptor  
  83  7:03  Drone x3, Lurker Den  
  83  7:06  Drone  
  86  7:11  Mutalisk  
  88  7:18  Corruptor  
  90  7:32  Drone x2  
  90  7:34  Queen  
  94  7:39  Zerg Missile Weapons Level 1  
  94  7:42  Overlord x2  
  94  7:47  Hatchery  
  93  7:52  Drone  
  93  7:57  Corruptor  
  96  8:07  Infestation Pit  
  96  8:11  Drone x3  
  98  8:13  Lurker Den  
  98  8:14  Hatchery  
  98  8:18  Corruptor  
  98  8:32  Zerg Flyer Weapons Level 1  
  98  8:35  Corruptor  
  98  8:37  Hydralisk  
  98  8:38  Hydralisk  
  98  8:40  Drone x2  
  99  9:18  Corruptor x2  
  99  9:19  Mutalisk x2  
  107  9:27  Hydralisk x3  
  107  9:29  Drone x4  
  117  9:32  Overlord  
  117  9:33  Overlord x8  
  116  10:07  Hydralisk x5  
  116  10:10  Hive  
  126  10:15  Drone x6  
  126  10:16  Drone x3  
  126  10:18  Extractor x2  
  126  10:20  Extractor x2  
  126  10:21  Queen  
  110  10:38  Lurker  
  110  10:39  Lurker x2  
  113  10:47  Zerg Ground Armor Level 1  
  113  10:50  Drone x4  
  113  10:51  Drone x5  
  113  10:56  Queen  
  122  11:01  Extractor  
  122  11:03  Extractor  
  122  11:20  Drone x6  
  122  11:21  Hydralisk x5  
  122  11:22  Hydralisk  
  122  11:24  Hatchery  
  139  11:33  Lurker x2  
  139  11:35  Lurker  
  139  11:37  Zergling x4  
  139  11:38  Drone x3  
  139  11:39  Drone x3, Hatchery  
  149  11:43  Hatchery  
  148  11:53  Drone x3  
  151  12:06  Spine Crawler  
  151  12:08  Spine Crawler x2  
  149  12:09  Corruptor x2  
  149  12:10  Corruptor x4  
  149  12:11  Drone x2  
  149  12:12  Drone x2  
  136  12:39  Corruptor x4  
  136  12:41  Drone x2, Zerg Missile Weapons Level 2  
  136  12:42  Drone x6  
  148  13:06  Lurker x3  
  148  13:07  Lurker x3  
  148  13:08  Corruptor x2  
  158  13:20  Hatchery  
  158  13:21  Drone x3  
  160  14:04  Corruptor x8  
  160  14:06  Swarm Host  
  169  14:22  Corruptor x3  
  175  14:39  Drone x5  
  175  14:40  Drone x2  
  175  14:44  Drone x2  
  175  14:45  Drone x7  
  190  14:46  Drone  
Show
View Real Time Build Order
Export as new Build Order

Akiyama Terran 

Build Orders:  

Get SALT Encoding   

  12  0:00  SCV  
  13  0:12  SCV  
  14  0:18  Supply Depot  
  14  0:25  SCV  
  15  0:40  SCV  
  15  0:41  Barracks  
  16  0:45  Refinery  
  16  0:52  SCV  
  17  1:01  Refinery  
  17  1:04  SCV  
  18  1:19  SCV  
  19  1:31  SCV  
  20  1:34  Supply Depot  
  20  1:45  Barracks Tech Lab  
  20  1:51  SCV  
  21  1:57  Supply Depot  
  21  2:03  SCV  
  22  2:08  Factory  
  22  2:13  Engineering Bay  
  21  2:31  Marine  
  22  2:45  SCV  
  22  2:51  Marine  
  24  2:52  Command Center  
  24  3:05  Starport, Factory Tech Lab  
  24  3:14  Marine  
  25  3:32  Siege Tank  
  28  3:36  Orbital Command  
  28  3:47  Fusion Core  
  28  3:52  Starport Tech Lab  
  28  4:28  SCV  
  29  4:39  Starport  
  29  4:40  Starport, SCV, Armory  
  29  4:41  SCV  
  29  4:43  Armory  
  31  4:50  Supply Depot  
  31  5:07  SCV  
  31  5:13  Battlecruiser  
  38  5:36  Terran Vehicle And Ship Armor Level 1  
  38  5:37  SCV, Terran Ship Weapons Level 1  
  38  5:39  SCV  
  39  5:50  SCV  
  39  5:51  SCV  
  40  6:02  SCV  
  41  6:22  Battlecruiser  
  41  6:25  SCV  
  48  6:37  SCV  
  48  6:39  Refinery  
  49  6:40  Refinery  
  47  7:39  Weapon Refit  
  47  7:43  Battlecruiser  
  53  7:47  Command Center  
  53  8:01  SCV  
  54  8:13  SCV x2  
  56  8:25  SCV x2  
  58  8:34  Refinery  
  58  8:37  SCV  
  58  8:38  Refinery, SCV, Supply Depot  
  58  8:41  Supply Depot  
  58  8:50  SCV  
  59  9:00  Battlecruiser  
  43  9:28  Battlecruiser x2  
  43  9:29  SCV  
  56  9:36  Terran Vehicle And Ship Armor Level 2  
  56  9:41  SCV  
  56  9:45  Terran Ship Weapons Level 2  
  51  10:04  Battlecruiser  
  46  10:35  Battlecruiser  
  46  11:13  Command Center  
  46  11:17  Battlecruiser  
  52  11:22  SCV  
  51  11:51  Battlecruiser  
  57  11:55  SCV  
  57  11:58  SCV  
  53  12:51  Armory  
  53  12:52  Armory  
  53  12:59  SCV  
  53  13:00  SCV  
  55  13:06  Battlecruiser  
  55  13:11  SCV  
  55  13:12  SCV  
  63  13:17  SCV  
  64  13:23  SCV  
  64  13:24  SCV  
  67  13:36  SCV  
  67  13:41  SCV  
  48  14:25  SCV  
  43  14:31  SCV  
  45  14:44  SCV  
  40  14:56  SCV  
Show
View Real Time Build Order
Export as new Build Order

Rais Protoss 

Build Orders:  

Get SALT Encoding   

  12  0:04  Probe (Chrono Boost)  
  13  0:13  Probe (Chrono Boost)  
  14  0:18  Probe (Chrono Boost)  
  15  0:25  Assimilator  
  15  0:32  Pylon  
  15  0:50  Probe  
  16  0:58  Gateway  
  16  1:02  Probe (Chrono Boost)  
  16  1:03  Assimilator  
  18  1:13  Probe (Chrono Boost)  
  18  1:17  Probe (Chrono Boost)  
  18  1:20  Gateway  
  18  1:23  Pylon  
  19  1:31  Probe  
  19  1:43  Probe  
  22  1:55  Probe  
  21  2:01  Cybernetics Core  
  21  2:04  Gateway  
  21  2:07  Probe  
  22  2:30  Probe (Chrono Boost)  
  23  2:40  Probe (Chrono Boost)  
  24  2:50  Stalker  
  24  2:51  Stalker  
  28  2:52  Stalker  
  28  2:53  Warp Gate (Chrono Boost)  
  30  3:19  Nexus  
  30  3:31  Pylon  
  30  3:33  Pylon  
  30  3:49  Stalker x3  
  36  3:57  Pylon  
  36  4:27  Assimilator  
  36  4:31  Probe (Chrono Boost), Assimilator  
  37  4:41  Probe (Chrono Boost)  
  37  4:42  Pylon  
  38  4:46  Probe (Chrono Boost), Gateway  
  38  4:49  Gateway x2  
  39  4:55  Stargate  
  39  4:57  Probe  
  40  5:10  Probe  
  41  5:22  Probe  
  42  5:34  Probe  
  43  5:37  Pylon  
  43  5:39  Pylon  
  43  5:45  Twilight Council  
  43  5:46  Probe  
  44  5:53  Forge x2  
  44  5:58  Probe (Chrono Boost)  
  45  6:09  Probe (Chrono Boost)  
  46  6:14  Probe (Chrono Boost)  
  47  6:22  Phoenix  
  47  6:24  Probe  
  50  6:31  Dark Shrine  
  50  6:36  Probe (Chrono Boost)  
  50  6:37  Robotics Facility x2  
  51  6:46  Stalker  
  51  6:47  Stalker  
  56  6:48  Probe (Chrono Boost)  
  56  6:52  Probe (Chrono Boost)  
  57  7:03  Probe  
  58  7:10  Oracle  
  58  7:15  Probe (Chrono Boost)  
  62  7:23  Blink  
  62  7:25  Probe (Chrono Boost)  
  62  7:28  Stalker x3  
  62  7:29  Stalker x2  
  73  7:30  Probe (Chrono Boost), Stalker  
  74  7:59  Warp Prism x2  
  74  8:02  Stalker x2  
  74  8:03  Stalker  
  84  8:06  Protoss Ground Weapons Level 1 (Chrono Boost)  
  84  8:10  Protoss Shields Level 1 (Chrono Boost)  
  84  8:30  Stalker  
  84  8:31  Stalker x2  
  84  8:32  Dark Templar  
  92  8:37  Pylon  
  92  8:38  Pylon  
  92  8:40  Pylon  
  51  9:18  Stalker  
  51  9:19  Stalker x2  
  51  9:20  Stalker x2  
  51  9:21  Stalker  
  55  9:24  Immortal x2 (Chrono Boost)  
  63  9:51  Stalker x3  
  66  9:53  Dark Templar  
  50  10:40  Nexus  
  50  10:47  Stalker x2  
  54  10:50  Stalker  
  56  11:21  Robotics Bay  
  56  11:29  Pylon  
  56  11:32  Dark Templar  
  58  11:52  Probe (Chrono Boost)  
  60  12:02  Probe (Chrono Boost)  
  60  12:07  Probe (Chrono Boost)  
  61  12:19  Probe  
  62  12:31  Probe  
  63  12:45  Assimilator  
  63  12:48  Colossus x2 (Chrono Boost)  
  63  12:49  Assimilator  
  75  12:58  Protoss Ground Armor Level 1 (Chrono Boost)  
  75  13:10  Probe (Chrono Boost)  
  77  13:20  Probe (Chrono Boost)  
  77  13:24  Stalker x2  
  77  13:25  Probe (Chrono Boost), Stalker  
  77  13:26  Stalker  
  44  14:14  Stalker  
  44  14:15  Stalker x3  
  44  14:16  Colossus (Chrono Boost), Dark Templar, Stalker  
Tags
 
Add a new tag
Caveats
  • Supply blocks, unpowered buildings, or Contaminate may cause inaccurate times.
  • Supply counts are checked every 10 seconds.